 Dungeon Crawl Stone Soup version 0.31-a0-161-gb58dd9be76 (webtiles) character file.

Game seed: 7730422796017537912

3 Serulin the Sneak (level 1, -7/14 HPs)
             Began as a Gargoyle Delver on June 13, 2023.
             Mangled by Blork the orc
             ... wielding a +0 trident
              (10 damage)
             ... on level 4 of the Dungeon.
             The game lasted 00:00:47 (187 turns).

Serulin the Sneak (Gargoyle Delver)                  Turns: 187, Time: 00:00:48

Health: -7/14      AC:  5    Str: 15    XL:     1   Next: 50%
Magic:  1/1        EV: 18    Int: 10    God:
Gold:   13         SH:  0    Dex: 11    Spells: 0/0 levels left

rFire   + + .        a - melded +0 mace
rCold   + + .        (shield currently unavailable)
rNeg    + + +        b - melded +0 leather armour
rPois   ∞            (helmet currently unavailable)
rElec   +            j - melded +0 cloak
rCorr   +            (gloves currently unavailable)
SInv    .            (boots currently unavailable)
Will    .....        (amulet currently unavailable)
Stlth   +++          (ring currently unavailable)
HPRegen 0.22/turn    (ring currently unavailable)
MPRegen 0.07/turn

%: no passive effects
@: wisp-form, flying
A: insubstantial, flying, no casting, sickness immunity, AC +2, tiny, negative
energy resistance 1, (electricity resistance), torment resistance 1,
petrification resistance
a: no special abilities


You were on level 4 of the Dungeon.
You were an insubstantial wisp.
You visited 1 branch of the dungeon, and saw 2 of its levels.

You collected 13 gold pieces.

Inventory:

Hand Weapons
 a - a +0 mace (melded)
Armour
 b - a +0 leather armour (melded)
 j - a +0 cloak (melded)
Wands
 g - a wand of digging (3)
Scrolls
 c - a scroll of fog
 d - 2 scrolls of revelation
 e - 2 scrolls of fear
 h - a scroll of acquirement {unknown}
Potions
 f - a potion of haste
 i - a potion of lignification {unknown}


   Skills:
 + Level 3.3 Fighting
 + Level 2.1 Maces & Flails
 + Level 0.1 Armour
 + Level 1.6 Dodging
 - Level 5.5 Stealth


You couldn't memorise any spells.
You didn't know any spells.
Your spell library was empty.

Dungeon Overview and Level Annotations

Branches:
Dungeon (5/15)
 Temple: D:4-7

Altars:

Annotations:
D:4 Blork the orc


Innate Abilities, Weirdness & Mutations

You are an insubstantial wisp.
Your tiny insubstantial body is highly resistant to most damage types.
You are flying.
Your equipment is entirely melded.
You are incapable of wielding weapons or throwing items.
You cannot cast spells.
You are immune to sickness and miasma.
((Your stone body is resilient. (AC +2)))
You are immune to poison.
You resist negative energy. (rN+)
((You are resistant to electric shocks. (rElec)))
You are resistant to unholy torment.
You are immune to petrification.


Message History

h - a scroll labelled ONISTA QEROEZ No target in view!
i - a fizzy amethyst potion You open the door.
There is an open door here.
You open the door. You open the door.
Found a stone staircase leading down.
You see here a +0 cloak.
j - a +0 cloak You start putting on your armour.
You continue putting on your +0 cloak. x4
You finish putting on your +0 cloak.
There is an open door here.
Blork the orc comes into view.
He is wielding a +0 trident and carrying a wand of polymorph (7).
Blork the orc shouts!
Blork the orc mumbles some strange words.
Blork the orc seems to speed up.
Blork the orc looks encouraged for a moment.
There is an open door here.
Blork the orc miscasts a cantrip.
Blork the orc hits you but does no damage.
You hit Blork the orc.
Blork the orc is lightly wounded.
Blork the orc gestures at you while chanting.
The puff of flame hits you.
Blork the orc gestures at you while chanting.
The magic dart hits you!
Ouch! That really hurt!
* * * LOW HITPOINT WARNING * * *
You are too injured to fight recklessly!
You are too injured to fight recklessly!
You are too injured to fight recklessly!
You hit Blork the orc.
Blork the orc is moderately wounded.
Blork the orc zaps a wand.
You turn into an insubstantial wisp.
Your +0 mace melds into your body.
Your +0 cloak melds into your body.
Your +0 leather armour melds into your body.
Blork the orc hits you with a +0 trident!
Ouch! That really hurt!
You die...

######### #.......#
########.......#
#.....##.......#
#.....##.......#
#.....##.......#
#.....##.......######
#.....'........'.....
#..ov.##.......#.....
#.....##.......#.###.
##'#############.# #.
#. ##..###. #
###....)..
####....##### ..
###.)..##.# #
##..###...#####.# #
.........## #.# #


You could see Blork the orc (fast).

Vanquished Creatures
  2 goblins (D:4)
  A ball python (D:4)
3 creatures vanquished.

Notes
Turn   | Place    | Note
-------+----------+-------------------------------------------
     0 | D:5      | Serulin the Gargoyle Delver began the quest for the Orb.
     0 | D:5      | Reached XP level 1. HP: 14/14 MP: 1/1
    51 | D:5      | Noticed a +0 dagger
   180 | D:4      | Noticed Blork the orc
   187 | D:4      | Mangled by Blork the orc

Illustrated notes

Levels and vault maps discovered:
D:4:      layout_basic, uniq_blork_the_orc, uniq_grinder
D:5:      layout_loops_ring, mainiacjoe_overflow_surrounded_room,
          dancing_weapons_uskayaw, mainiacjoe_overflow_six_doors_small,
          serial_shops, nicolae_square_shop, uniq_pikel

Action                     || total
---------------------------++-------
  Melee: Mace              ||    13
 Armour: Leather armour    ||     7
  Dodge: Dodged            ||     3

Table legend: (Time is in decaauts)
 A = Elapsed time spent in this place.
 B = Non-inter-level travel time spent in this place.
 C = Inter-level travel time spent in this place.
 D = Time resting spent in this place.
 E = Time spent auto-exploring this place.
 F = Levels seen in this place.
 G = Mean time per level.
                   A        B        C        D        E       F      G
               +--------+--------+--------+--------+--------+-----+--------+
         Total |    190 |    190 |      0 |     20 |    104 |   2 |   95.0 |
       Dungeon |    190 |    190 |      0 |     20 |    104 |   2 |   95.0 |
               +--------+--------+--------+--------+--------+-----+--------+

Top non-repeatable levels by time:
     D:4: 136 daAuts
     D:5: 54 daAuts
